 Dungeon Crawl Stone Soup version 0.22.1-1-ga44c0e5 (webtiles) character file.

116 magicm the Bolt Thrower (level 5, 0/38 HPs)
             Began as a Human Hunter on Nov 10, 2018.
             Slain by a goblin
             ... wielding a +0 club
             ... led by Robin
              (4 damage)
             ... on level 3 of the Dungeon.
             The game lasted 00:10:26 (1725 turns).

magicm the Bolt Thrower (Human Hunter)              Turns: 1725, Time: 00:10:28

Health: 0/38       AC: 13    Str: 12    XL:     5   Next: 20%
Magic:  5/5        EV: 12    Int: 12    God:
Gold:   145        SH:  0    Dex: 14    Spells: 4/4 levels left

rFire    . . .     SeeInvis .   h - +0 mace (protect)
rCold    . . .     Gourm    .   (no shield)
rNeg     . . .     Faith    .   c - +0 leather armour
rPois    .         Spirit   .   (no helmet)
rElec    .         Reflect  .   (no cloak)
rCorr    .         Harm     .   i - +2 pair of gloves
MR       .....                  (no boots)
Stlth    +.........             (no amulet)
HPRegen  0.12/turn              (no ring)
MPRegen  0.09/turn              (no ring)

@: protection aura, hasted (expiring), very quick
A: no striking features
a: no special abilities


You were on level 3 of the Dungeon.
You were not hungry.

You visited 1 branch of the dungeon, and saw 3 of its levels.

You collected 145 gold pieces.

Inventory:

Hand Weapons
 a - a +2 hand crossbow
 h - a +0 mace of protection (weapon)
Armour
 c - a +0 leather armour (worn)
 i - a +2 pair of gloves (worn)
Scrolls
 e - a scroll of remove curse
Potions
 b - a potion of haste
 g - a potion of berserk rage
 j - a potion of invisibility {unknown}
 k - a potion of mutation {unknown}
 l - a potion of curing {unknown}
Comestibles
 f - 2 rations


   Skills:
 + Level 2.3 Fighting
 + Level 1.3 Maces & Flails
 + Level 5.4 Crossbows
 + Level 1.2 Armour
 + Level 2.1 Dodging
 + Level 1.0 Stealth


You had 4 spell levels left.
You didn't know any spells.
Your spell library contained the following spells:

 Spells                   Type           Power        Failure   Level  Hunger
 Magic Dart               Conj           #...         38%         1    ##.....
 Blink                    Tloc           N/A          54%         2    ###....
 Call Imp                 Summ           #.......     54%         2    ###....
 Slow                     Hex            #.......     54%         2    ###....
 Conjure Flame            Conj/Fire      #.......     77%         3    ####...
 Mephitic Cloud           Conj/Pois/Air  #.......     77%         3    ####...


Dungeon Overview and Level Annotations

Branches:
Dungeon (3/15)

Altars:
Elyvilon
Qazlal


Message History

The goblin completely misses you.
The hobgoblin hits you but does no damage.
You completely miss the hobgoblin.
The hobgoblin is almost dead.
The goblin hits you but does no damage. The hobgoblin hits you with a club.
* * * LOW HITPOINT WARNING * * *
You closely miss the hobgoblin.
The hobgoblin is almost dead.
The goblin closely misses you.
You closely miss the hobgoblin.
The hobgoblin is almost dead.
The hobgoblin misses you.
You hit the hobgoblin but do no damage.
The hobgoblin is almost dead.
The goblin hits you but does no damage. The hobgoblin completely misses you.
You closely miss the hobgoblin.
The hobgoblin is almost dead.
Your extra speed is starting to run out.
The goblin hits you with a club.
You die...

#### ## #######..### #.
........[...
######g############..#<.
.(....)@)(....(...#..#..
#######g#######.###..#.#
.(.............(#.#
###.#######.####.#.# ...
#.# #.... .>. #.# ###.#
.... #.# #.# (.... #.# #
#.#


You could see a hobgoblin and a goblin.

Vanquished Creatures
  Robin (D:3)
  3 adders
  An ooze (D:1)
  A worm (D:2)
  3 dart slugs
  4 leopard geckos
  4 giant cockroaches
  15 goblins
  5 hobgoblins
  3 jackals (D:2)
  7 kobolds
  A quokka (D:2)
  4 bats
  3 frilled lizards
  2 rats
57 creatures vanquished.

Notes
Turn   | Place    | Note
-------+----------+-------------------------------------------
     0 | D:1      | magicm the Human Hunter began the quest for the Orb.
     0 | D:1      | Reached XP level 1. HP: 16/16 MP: 1/1
    66 | D:1      | Reached XP level 2. HP: 22/22 MP: 2/2
   237 | D:1      | Reached XP level 3. HP: 27/27 MP: 3/3
   318 | D:1      | Reached skill level 5 in Crossbows
   854 | D:2      | Reached XP level 4. HP: 23/33 MP: 4/4
   999 | D:2      | Found a white marble altar of Elyvilon.
  1112 | D:2      | Reached skill level 1 in Armour
  1171 | D:2      | Found a stormy altar of Qazlal.
  1658 | D:3      | Reached skill level 1 in Maces & Flails
  1678 | D:3      | Reached XP level 5. HP: 30/38 MP: 5/5
  1696 | D:3      | Noticed Robin
  1708 | D:3      | Killed Robin
  1725 | D:3      | Slain by a goblin

Skill      XL: |  1  2  3  4 |
---------------+-------------+-----
Crossbows      | 5 |  5.4
Armour         | 1 |  1.2
Maces & Flails | 1 |  1.3
Fighting       | |  2.3
Dodging        | |  2.1
Stealth        | |  1.0

Action                   |  1- 3 |  4- 6 || total
-------------------------+-------+-------++-------
Melee: Mace              |    17 |    41 ||    58
 Fire: Hand crossbow     |    66 |    45 ||   111
  Use: Scroll            |     2 |     4 ||     6
       Potion            |       |     1 ||     1
  Eat: Ration            |       |     1 ||     1
Armor: Leather armour    |    17 |    29 ||    46
Dodge: Dodged            |    54 |    43 ||    97
